 Dungeon Crawl Stone Soup version 0.28.0 (webtiles) character file.

Game seed: 12123950774894133708

22 jjjjhere the Skirmisher (level 2, 0/26 HPs)
             Began as a Hill Orc Brigand on Feb 8, 2022.
             Was a Follower of Qazlal.
             Succumbed to a scorpion's poison
             ... on level 2 of the Dungeon.
             The game lasted 00:01:53 (995 turns).

jjjjhere the Skirmisher (Hill Orc Brigand)           Turns: 995, Time: 00:01:53

Health: 0/26       AC:  3    Str: 13    XL:     2   Next: 91%
Magic:  2/2        EV: 11    Int: 11    God:    Qazlal [*.....]
Gold:   22         SH:  1    Dex: 12    Spells: 1/1 levels left

rFire   . . .      SeeInvis .   a - +2 dagger
rCold   . . .      Faith    .   (no shield)
rNeg    + . .      Spirit   .   b - +0 robe
rPois   .          Reflect  .   (no helmet)
rElec   .          Harm     .   c - +0 cloak
rCorr   .          Rampage  .   (no gloves)
Will    .....                   (no boots)
Stlth   ++........              (no amulet)
HPRegen 0.08/turn               h - ring of positive energy
MPRegen 0.08/turn               (no ring)

@: lethally poisoned (0 -> -13)
A: no striking features
a: Renounce Religion


You were on level 2 of the Dungeon.
You worshipped Qazlal.
Qazlal was aware of your devotion.
You visited 1 branch of the dungeon, and saw 2 of its levels.

You collected 22 gold pieces.

Inventory:

Hand Weapons
 a - a +2 dagger (weapon)
 g - a +0 flail
Missiles
 d - 8 poisoned darts (quivered)
 e - 2 curare-tipped darts
Armour
 b - a +0 robe (worn)
 c - a +0 cloak (worn)
Jewellery
 h - a ring of positive energy (left hand)
Potions
 f - a potion of curing {unknown}


   Skills:
 + Level 3.5 Fighting
 - Level 2.0 Short Blades
 + Level 1.4 Maces & Flails
 - Level 1.7 Throwing
 - Level 0.7 Dodging
 - Level 3.2 Stealth


You had one spell level left.
You didn't know any spells.
Your spell library was empty.

Dungeon Overview and Level Annotations

Branches:
Dungeon (2/15)

Altars:
Qazlal


Message History

You barely miss the giant cockroach.
The giant cockroach is severely wounded.
The giant cockroach bites you but does no damage.
You hit the giant cockroach.
You kill the giant cockroach!
Qazlal accepts your kill.
You closely miss the ball python. The ball python misses you.
The ball python grabs you. The ball python constricts you.
You hit the ball python.
You kill the ball python!
Qazlal accepts your kill.
You hit the quokka but do no damage. The quokka barely misses you.
You hit the quokka.
The quokka is heavily wounded.
The quokka bites you.
You hit the quokka.
You kill the quokka!
Qazlal accepts your kill.
A scorpion comes into view.
A scorpion is nearby!
A scorpion is nearby!
You see here a quokka corpse.
You hit the scorpion but do no damage. The scorpion stings you.
You are poisoned.
The scorpion poisons you!
You hit the scorpion but do no damage.
You feel very sick. The scorpion closely misses you.
You are too injured to fight recklessly!
You hit the scorpion but do no damage.
You feel sick. The scorpion stings you.
You barely miss the scorpion.
You feel sick. The scorpion stings you.
* * * LOW HITPOINT WARNING * * *
You are more poisoned.
The scorpion poisons you!
You hit the scorpion.
The scorpion is lightly wounded.
* * * LOW HITPOINT WARNING * * *
You feel very sick. The scorpion barely misses you.
You die...

....#.........#
.........$....#
#.........#
#.........#
#.........#
######.#### #s#
#†# #@# #.# #.#
#.# #.# #.#
#.### #...#
###.##


You could see a scorpion.

Vanquished Creatures
  2 endoplasms (D:1)
  3 giant cockroaches
  2 hobgoblins (D:1)
  2 kobolds (D:1)
  3 quokkas
  2 ball pythons
  2 bats (D:1)
  A frilled lizard (D:1)
  3 rats
20 creatures vanquished.

Vanquished Creatures (others)
  A plant (D:1)
1 creature vanquished.

Grand Total: 21 creatures vanquished

Notes
Turn   | Place    | Note
-------+----------+-------------------------------------------
     0 | D:1      | jjjjhere the Hill Orc Brigand began the quest for the Orb.
     0 | D:1      | Reached XP level 1. HP: 18/18 MP: 1/1
   165 | D:1      | Reached XP level 2. HP: 18/26 MP: 2/2
   350 | D:1      | Found a faded altar of an unknown god.
   553 | D:1      | Reached skill level 1 in Maces & Flails
   566 | D:1      | Prayed at the altar of an unknown god.
   566 | D:1      | Became a worshipper of Qazlal Stormbringer
   566 | D:1      | Reached * piety under Qazlal
   988 | D:2      | Noticed a scorpion
   993 | D:2      | HP: 6/26 [scorpion (3)]
   995 | D:2      | Succumbed to a scorpion's poison

Illustrated notes

Levels and vault maps discovered:
D:1:      mrwooster_arrival_statue_2, layout_basic,
          hellmonk_ecumenical_altar_run_dry, serial_bayou_lake_a
D:2:      layout_rooms, kennysheep_generic_room_8, uniq_terence, uniq_robin

Skill      XL: |  1  2 |
---------------+-------+-----
Fighting       | 3 |  3.5
Maces & Flails | 1 |  1.4
Short Blades   | |  2.0
Throwing       | |  1.7
Dodging        | |  0.7
Stealth        | |  3.2

Action                   || total
-------------------------++-------
Melee: Dagger            ||    62
 Stab: Sleeping          ||     2
Armor: Robe              ||    18
Dodge: Dodged            ||    39
Block: Other             ||     1
